 Dungeon Crawl Stone Soup version 0.26-a0-54-g15ccc7ae60 (webtiles) character file.

Game seed: 9531754453087254969

292 vurker the Charmwright (level 6, 0/50 HPs)
             Began as a Gnoll Skald on June 7, 2020.
             Succumbed to Sigmund's poison
             ... on level 3 of the Dungeon.
             The game lasted 00:05:24 (2863 turns).

vurker the Charmwright (Gnoll Skald)                Turns: 2863, Time: 00:05:25

Health: 0/50       AC:  5    Str: 14    XL:     6   Next: 33%
Magic:  12/14      EV: 13    Int: 17    God:
Gold:   181        SH:  0    Dex: 14    Spells: 11/15 levels left

rFire    . . .     SeeInvis .   a - +0 spear
rCold    . . .     Gourm    .   (no shield)
rNeg     . . .     Faith    .   k - +0 ring mail
rPois    .         Spirit   .   (no helmet)
rElec    .         Reflect  .   (no cloak)
rCorr    .         Harm     .   (no gloves)
MR       .....                  (no boots)
Stlth    +.........             (no amulet)
HPRegen  0.16/turn              (no ring)
MPRegen  0.14/turn              (no ring)

@: brilliant, lethally poisoned (0 -> -3)
A: distributed training, fangs 1, strong nose
a: no special abilities


You were on level 3 of the Dungeon.
You were hungry.

You visited 1 branch of the dungeon, and saw 3 of its levels.

You collected 181 gold pieces.

Inventory:

Hand Weapons
 a - a +0 spear (weapon)
 l - a +0 short sword of protection
   (You took it off a kobold on level 2 of the Dungeon)
Armour
 h - a +0 helmet
   (You took it off Robin on level 2 of the Dungeon)
 k - a +0 ring mail (worn)
   (You found it on level 1 of the Dungeon)
Jewellery
 m - an uncursed amulet of magic regeneration {unknown}
   (You found it on level 3 of the Dungeon)
Scrolls
 d - 4 scrolls of identify {unknown}
 f - a scroll of enchant armour {unknown}
 g - 4 scrolls of remove curse {unknown}
 j - 4 scrolls of teleportation {unknown}
Comestibles
 b - a chunk of flesh
 e - 7 rations


   Skills:
 + Level 4.9 Fighting
 + Level 1.8 Short Blades
 + Level 1.8 Long Blades
 + Level 1.8 Axes
 + Level 1.8 Maces & Flails
 + Level 4.9 Polearms
 + Level 1.8 Staves
 + Level 1.8 Slings
 + Level 1.8 Bows
 + Level 1.8 Crossbows
 + Level 1.8 Throwing
 + Level 3.2 Armour
 + Level 4.9 Dodging
 + Level 1.8 Stealth
 + Level 1.8 Shields
 + Level 1.8 Unarmed Combat
 + Level 5.3 Spellcasting
 + Level 1.4 Conjurations
 + Level 1.4 Hexes
 + Level 5.6 Charms
 + Level 1.4 Summonings
 + Level 1.4 Necromancy
 + Level 1.4 Translocations
 + Level 1.4 Transmutations
 + Level 1.4 Fire Magic
 + Level 1.4 Ice Magic
 + Level 1.4 Air Magic
 + Level 1.4 Earth Magic
 + Level 1.4 Poison Magic
 + Level 2.0 Invocations
 + Level 1.8 Evocations


You had 11 spell levels left.
You knew the following spells:

 Your Spells              Type           Power        Failure   Level  Hunger
a - Spectral Weapon       Hex/Chrm       ###.....     19%         3    None
b - Infusion              Chrm           ####         2%          1    None

Your spell library contained the following spells:

 Spells                   Type           Power        Failure   Level  Hunger
 Song of Slaying          Chrm           #####...     4%          2    None
 Shroud of Golubria       Chrm/Tloc      ###...       10%         2    None
 Magic Dart               Conj           ##..         16%         1    None
 Ozocubu's Armour         Chrm/Ice       ###.....     19%         3    None
 Blink                    Tloc           N/A          22%         2    None
 Call Imp                 Summ           ##......     22%         2    None
 Slow                     Hex            ##......     22%         2    None
 Conjure Flame            Conj/Fire      ##......     41%         3    None
 Mephitic Cloud           Conj/Pois/Air  ##......     41%         3    None


Dungeon Overview and Level Annotations

Branches:
Dungeon (3/15)

Altars:
Elyvilon
Sif Muna
Vehumet
Yredelemnul
Zin
The Shining One


Innate Abilities, Weirdness & Mutations

Your experience applies equally to all skills.
You have very sharp teeth.
Your uncanny sense of smell can sniff out nearby items.


Message History

You are lethally poisoned!
You hit Sigmund.
* * * LOW HITPOINT WARNING * * *
You feel sick.
Your spectral weapon closely misses Sigmund.
Sigmund closely misses you.
Unknown command.
Unknown command.
You barely miss Sigmund.
* * * LOW HITPOINT WARNING * * *
You feel sick.
Your spectral weapon hits Sigmund from afar.
Unknown command.
You closely miss Sigmund. You bite Sigmund, but do no damage.
* * * LOW HITPOINT WARNING * * *
You feel sick.
Your spectral weapon closely misses Sigmund.
Sigmund closely misses you.
Unknown command.
It was a potion of brilliance.
You feel clever all of a sudden.
You hit Sigmund.
* * * LOW HITPOINT WARNING * * *
You feel sick.
Your spectral weapon closely misses Sigmund.
Sigmund barely misses you.
You closely miss Sigmund.
* * * LOW HITPOINT WARNING * * *
You feel sick.
Your spectral weapon hits Sigmund from afar.
Sigmund hits your spectral weapon but does no damage.
Unknown command.
You barely miss Sigmund. Your bite misses Sigmund.
Your spectral weapon hits Sigmund from afar.
You hit Sigmund.
You kill Sigmund!
Your Armour skill increases to level 3!
Your Invocations skill increases to level 2!
You have reached level 6!
Your experience leads to an increase in your attributes!
Increase (S)trength, (I)ntelligence, or (D)exterity?
You feel clever.
* * * LOW HITPOINT WARNING * * *
You feel sick.
Unknown command.
There is a lethal amount of poison in your body!
Unknown command.
There is a lethal amount of poison in your body!
There is a lethal amount of poison in your body!
You die...

#.......## ###........#
#..........##
#?.....@....#
#......r....# #.....w(P♣♣
#......#.P♣
######################..♣
...#......†.†..(@....†..♣
...#.############).####PP♣
..)#'...## ##...# P.♣
......#..## ##....# #..P
.)....##{.## ##.....# ..##
.......##..###......###
.##
......#.##..#.......... .#
......#..##............(
####..#.#.##.............
##


You could see a friendly spectral +0 spear.

Vanquished Creatures
  Sigmund (D:3)
  A jelly (D:3)
  Robin (D:2)
  An adder (D:2)
  An adder zombie (D:1)
  2 worms (D:3)
  4 dart slugs
  2 leopard geckos (D:1)
  3 orcs
  9 bats
  A giant cockroach (D:1)
  11 goblins
  12 hobgoblins
  6 jackals
  5 kobolds
  A quokka (D:3)
  A ball python (D:3)
  4 frilled lizards
  A quokka zombie (D:1)
  9 rats
76 creatures vanquished.

Vanquished Creatures (others)
  A plant (D:3)
1 creature vanquished.

Grand Total: 77 creatures vanquished

Notes
Turn   | Place    | Note
-------+----------+-------------------------------------------
     0 | D:1      | vurker the Gnoll Skald began the quest for the Orb.
     0 | D:1      | Reached XP level 1. HP: 20/20 MP: 6/6
   159 | D:1      | Reached XP level 2. HP: 25/26 MP: 7/7
   529 | D:1      | Reached XP level 3. HP: 31/31 MP: 9/9
   622 | D:1      | Reached skill level 5 in Spellcasting
   993 | D:2      | Noticed Robin
  1024 | D:2      | Killed Robin
  1024 | D:2      | Reached skill level 1 in Invocations
  1040 | D:2      | Reached skill level 1 in Short Blades
  1040 | D:2      | Reached skill level 1 in Long Blades
  1040 | D:2      | Reached skill level 1 in Axes
  1040 | D:2      | Reached skill level 1 in Maces & Flails
  1040 | D:2      | Reached skill level 1 in Staves
  1040 | D:2      | Reached skill level 1 in Slings
  1040 | D:2      | Reached skill level 1 in Bows
  1040 | D:2      | Reached skill level 1 in Crossbows
  1040 | D:2      | Reached skill level 1 in Throwing
  1040 | D:2      | Reached skill level 1 in Stealth
  1040 | D:2      | Reached skill level 1 in Shields
  1040 | D:2      | Reached skill level 1 in Unarmed Combat
  1040 | D:2      | Reached skill level 1 in Evocations
  1082 | D:2      | Reached XP level 4. HP: 30/38 MP: 11/11
  1262 | D:2      | Learned a level 3 spell: Spectral Weapon
  1443 | D:2      | Found a shimmering blue altar of Sif Muna.
  1805 | D:2      | Found a glowing silver altar of Zin.
  1806 | D:2      | Found a white marble altar of Elyvilon.
  1809 | D:2      | Found a glowing golden altar of the Shining One.
  1884 | D:3      | Reached skill level 1 in Conjurations
  1884 | D:3      | Reached skill level 1 in Hexes
  1884 | D:3      | Reached skill level 1 in Summonings
  1884 | D:3      | Reached skill level 1 in Necromancy
  1884 | D:3      | Reached skill level 1 in Translocations
  1884 | D:3      | Reached skill level 1 in Transmutations
  1884 | D:3      | Reached skill level 1 in Fire Magic
  1884 | D:3      | Reached skill level 1 in Ice Magic
  1884 | D:3      | Reached skill level 1 in Air Magic
  1884 | D:3      | Reached skill level 1 in Earth Magic
  1884 | D:3      | Reached skill level 1 in Poison Magic
  2193 | D:3      | Reached XP level 5. HP: 43/43 MP: 12/12
  2465 | D:3      | Found a basalt altar of Yredelemnul.
  2465 | D:3      | Found a radiant altar of Vehumet.
  2737 | D:3      | Noticed Sigmund
  2834 | D:3      | HP: 2/43 [poisoned by Sigmund]
  2858 | D:3      | HP: 2/43 [poisoned by Sigmund]
  2861 | D:3      | Killed Sigmund
  2861 | D:3      | Reached XP level 6. HP: 2/50 MP: 11/14
  2863 | D:3      | Succumbed to Sigmund's poison

Illustrated notes

Levels and vault maps discovered:
D:1:      saegor_arrival_fortress, layout_basic, minmay_pentomino_p2
D:2:      layout_loops_ring, good_gods_temple_1, old_standard_altar, uniq_robin
D:3:      layout_basic, grunt_temple_overflow_open, serial_forest,
          infiniplex_forest_lined_ring, infiniplex_forest_clump_curved,
          infiniplex_forest_clump_medium, infiniplex_forest_clump_large,
          infiniplex_forest_zigzag_1, infiniplex_forest_end_double,
          infiniplex_forest_clump_large, infiniplex_forest_clump_curved,
          infiniplex_forest_clump_curved, first_ration, minmay_parallelograms,
          grunt_ministairs_11, kennysheep_generic_room_11, uniq_sigmund,
          uniq_grinder

Skill      XL: |  1  2  3  4  5 |
---------------+----------------+-----
Spellcasting   | 5 |  5.3
Invocations    | 1 2 |  2.0
Short Blades   | 1 |  1.8
Long Blades    | 1 |  1.8
Axes           | 1 |  1.8
Maces & Flails | 1 |  1.8
Staves         | 1 |  1.8
Slings         | 1 |  1.8
Bows           | 1 |  1.8
Crossbows      | 1 |  1.8
Throwing       | 1 |  1.8
Stealth        | 1 |  1.8
Shields        | 1 |  1.8
Unarmed Combat | 1 |  1.8
Evocations     | 1 |  1.8
Conjurations   | 1 |  1.4
Hexes          | 1 |  1.4
Summonings     | 1 |  1.4
Necromancy     | 1 |  1.4
Translocations | 1 |  1.4
Transmutations | 1 |  1.4
Fire Magic     | 1 |  1.4
Ice Magic      | 1 |  1.4
Air Magic      | 1 |  1.4
Earth Magic    | 1 |  1.4
Poison Magic   | 1 |  1.4
Armour         | 3 |  3.2
Fighting       | |  4.9
Polearms       | |  4.9
Dodging        | |  4.9
Charms         | |  5.6

Action                   |  1- 3 |  4- 6 || total
-------------------------+-------+-------++-------
Melee: Spear             |   132 |    13 ||   145
       Bite              |     8 |    18 ||    26
       Short sword       |       |   184 ||   184
       Punch             |       |     1 ||     1
 Cast: Infusion          |     1 |       ||     1
       Spectral Weapon   |       |     2 ||     2
  Use: Potion            |       |     6 ||     6
 Stab: Sleeping          |     1 |       ||     1
  Eat: Chunk             |       |     6 ||     6
Armor: Leather armour    |    15 |       ||    15
       Ring mail         |     4 |    90 ||    94
Dodge: Dodged            |    58 |   178 ||   236

Table legend:
 A = Non-vault XP
 B = Vault XP
 C = Vault XP percentage of total XP
 D = Non-vault monster count
 E = Vault monster count
 F = Vault count percentage of total count
                 A         B        C        D         E       F
            +---------+---------+-------+---------+---------+-------
      Total |     163 |     255 |  61.0 |      60 |      16 |  21.1
            +---------+---------+-------+---------+---------+-------
        D:1 |      35 |      10 |  22.2 |      20 |       3 |  13.0
        D:2 |      40 |      37 |  48.1 |      18 |      12 |  40.0
        D:3 |      88 |     208 |  70.3 |      22 |       1 |   4.3
            +---------+---------+-------+---------+---------+-------
